[Event "Early-Titled-Tuesday-Blitz-May-28-2024"]
[Site "Chess.com"]
[Date "2024.05.28"]
[Round "3"]
[White "Louis-Paulsen-Fan"]
[Black "Sippp"]
[Result "0-1"]
[WhiteElo "2310"]
[BlackElo "2807"]
[TimeControl "180+1"]
[EndTime "8:29:47 PDT"]
[Termination "Sippp won by checkmate"]

1. d4 Nf6 2. Nf3 g6 3. c4 Bg7 4. Nc3 O-O 5. e4 d6 6. Be2 Na6 7. O-O e5 8. Re1 c6 9. h3 Re8 10. dxe5 dxe5 11. Be3 Qe7 12. a3 Nc5 13. Qc2 a5 14. b4 axb4 15. axb4 Rxa1 16. Rxa1 Ne6 17. Nxe5 Nxe4 18. Qxe4 Ng5 19. Bxg5 Qxg5 20. f4 Qe7 21.
Qc2 Qxb4 22. Ra8 Qc5+ 23. Kh1 Qe3 24. Bg4 Qxf4 25. Rxc8 Rxc8 26. Bxc8 Bxe5 27. Kg1 Qe3+ 28. Kf1 Bxc3 29. Qd1 Qf4+ 30. Ke2 Qxc4+ 31. Kf3 b5 32. Qd8+ Kg7 33. Bd7 b4 34. Qa8 b3 35. Bxc6 b2 36.
Be4 Qf1+ 37. Ke3 b1=Q 38. Bxb1 Qxb1 39. Qd5 Qe1+ 40. Kf3 Qe5 41. Qc4 Bd4 42. Qd3 h5 43. g4 h4 44. Kg2 Qf4 45. Kh1 Qf2 46. Qd1 Be5 47. Qg1 Qxg1+ 48. Kxg1 Kf6 49. Kg2 Kg5 50. Kf3 f5 51. gxf5 gxf5 52. Kg2 Bg3 53. Kf3 Kf6 54. Kg2 Ke5 55. Kf3 f4 56. Ke2 Ke4 57. Kf1 f3 58. Kg1 Ke3 59. Kf1 Be5 60. Ke1 Bc3+ 61. Kf1 f2 62. Kg2 Ke2 63. Kh2 Be5+ 64. Kg2 f1=Q# 0-1

[Event "Early-Titled-Tuesday-Blitz-May-28-2024"]
[Site "Chess.com"]
[Date "2024.05.28"]
[Round "3"]
[White "Grandmaster1369"]
[Black "NajdorfPlayerc5"]
[Result "1/2-1/2"]
[WhiteElo "2800"]
[BlackElo "2458"]
[TimeControl "180+1"]
[EndTime "8:29:47 PDT"]
[Termination "Game drawn by repetition"]

1. d4 Nf6 2. c4 e6 3. Nc3 Bb4 4. a3 Bxc3+ 5. bxc3 b6 6. f3 c5 7. e4 d6 8. Bd3 Nc6 9. Ne2 e5 10. O-O O-O 11. Bg5 Ba6 12. f4 exd4 13. cxd4 cxd4 14.
e5 dxe5 15. fxe5 Nxe5 16. Bxf6 gxf6 17. Ng3 Kh8 18. Nh5 Rg8 19. Nxf6 Rg7 20. Bxh7 Bb7 21. Be4 Bxe4 22. Qh5+ Bh7 23. Qxe5 Qb8 24. Qh5 Qd6 25. Rae1 Qc6 26. Rf2 d3 27. Qe5 Rd8 28. Ne8 f6 29. Nxf6 d2 30. Rd1 Qd6 31. Qxd6 Rxd6 32. Ne8 Bc2 33.
Nxd6 Bxd1 34. Rxd2 Bf3 35. Nf5 Rg5 36. Ne3 Bc6 37. Rd6 Be8 38. Rd8 Re5 39. Kf2 Kg7 40. g4 Bf7 41. Rd7 Ra5 42. Nf5+ Kf6 43. Nd6 Be6 44. Rc7 Rxa3 45. Ne8+ Ke5 46. Re7 Ra2+ 47.
Kg3 Rc2 48. Ng7 Rc3+ 49. Kh4 Kf6 50. Rxe6+ Kxg7 51. Re7+ Kf6 52. Rxa7 Rxc4 53. Rb7 Rb4 54. Kh5 Rb2 55. h4 b5 56. g5+ Kf5 57. Kh6 Rh2 58.
h5 Rb2 59. g6 b4 60. g7 Rg2 61. Rxb4 Kf6 62. Rb6+ Kf7 63. Rg6 Rxg6+ 64. hxg6+ Kg8 65. Kh5 Kxg7 66. Kg5 Kg8 67. Kf6 Kf8 68. Kf5 Kg7 69. Kg5 Kg8 70. Kf6 Kf8 71. Ke6 Kg7 72. Kf5 Kg8 73. Kg5 Kg7 74. Kh5 Kg8 75. Kh6 Kh8 76.
Kg5 Kg7 77. Kh5 Kg8 78. Kg5 Kg7 1/2-1/2

[Event "Early-Titled-Tuesday-Blitz-May-28-2024"]
[Site "Chess.com"]
[Date "2024.05.28"]
[Round "3"]
[White "tandaleo"]
[Black "Chernov_Alexander_A"]
[Result "1-0"]
[WhiteElo "2570"]
[BlackElo "2304"]
[TimeControl "180+1"]
[EndTime "8:29:49 PDT"]
[Termination "tandaleo won on time"]

1. b3 e5 2. Bb2 Nc6 3. e3 f5 4.
Bb5 d6 5. d4 e4 6. d5 a6 7. Be2 Ne5 8. c4 Nf6 9. Nc3 Be7 10. Nh3 c5 11. Nf4 O-O 12. h4 Bd7 13.
Ne6 Bxe6 14. dxe6 Qc8 15. Nd5 Qxe6 16. Nc7 Qf7 17. Nxa8 Rxa8 18. Bxe5 dxe5 19. Qc2 Rd8 20. Rd1 Rb8 21. Qc3 Qe6 22. h5 f4 23. h6 gxh6 24.
Rxh6 Kg7 25. Rh4 Bd6 26. Qa5 Ne8 27. g3 f3 28. Bf1 Qe7 29. Rxe4 Nf6 30. Rh4 e4 31.
Qb6 Be5 32. Bh3 Bc3+ 33. Kf1 Be5 34. Qe6 Qc7 35. Bf5 Re8 36. Qd7+ Nxd7 37. Rxd7+ Re7 38.
Rxc7 Bxc7 39. Rxe4 Rxe4 40. Bxe4 Kf6 41. Bxf3 Ke5 42.
Bxb7 a5 43. f4+ Kf5 44. Kf2 Kg4 45. Bc8+ Kh5 46. Kf3 Kg6 47. e4 Kf6 48. e5+ Ke7 49. Ke4 a4 50. bxa4 Ba5 51. f5 Be1 52. g4 Bh4 53.
f6+ Kd8 54. Bf5 h6 55. Kd5 Bf2 56. a5 Kc7 57. f7 1-0

[Event "Early-Titled-Tuesday-Blitz-May-28-2024"]
[Site "Chess.com"]
[Date "2024.05.28"]
[Round "3"]
[White "js20000"]
[Black "jcibarra"]
[Result "1/2-1/2"]
[WhiteElo "2688"]
[BlackElo "2900"]
[TimeControl "180+1"]
[EndTime "8:29:50 PDT"]
[Termination "Game drawn - insufficient material"]

1. b3 e5 2. Bb2 Nc6 3. c4 Nf6 4.
e3 g6 5. Nf3 d6 6. d4 e4 7.
Nfd2 Bf5 8. h3 h5 9. g3 Bg7 10. a3 a5 11. Nc3 O-O 12. Bg2 Re8 13. Qc2 Qe7 14. Nd5 Nxd5 15. cxd5 Nxd4 16. Bxd4 Bxd4 17. Rc1 Bc5 18. g4 Qg5 19. gxf5 Qxg2 20. Ke2 Bxe3 21.
Kxe3 Qg5+ 22. Ke2 Qxf5 23. Rcg1 Re5 24. Rg3 Rae8 25. Nc4 h4 26. Rc3 Rxd5 27. Rd1 Rd3 28. Ne3 Qf3+ 29. Ke1 Qh1+ 30. Ke2 Qf3+ 31. Ke1 Rxc3 32.
Qxc3 Qxh3 33. Nd5 Qxc3+ 34. Nxc3 Kg7 35. Nd5 c6 36. Ne3 d5 37. b4 axb4 38. axb4 f5 39. b5 h3 40. Kf1 f4 41. Ng4 Ra8 42. bxc6 bxc6 43. Rc1 Kf7 44. Rxc6 Ra1+ 45. Ke2 f3+ 46. Ke3 Rg1 47. Ne5+ Kg7 48. Rc7+ Kh6 49. Nf7+ Kh5 50. Ne5 Kg5 51. Rh7 Kf5 52. Nc6 Re1+ 53. Kd4 Re2 54. Kxd5 Rd2+ 55. Nd4+ Kf4 56. Rh4+ Kg5 57. Rxh3 Rxf2 58.
Kxe4 Kg4 59. Rxf3 Rxf3 60. Nxf3 Kg3 61. Ne5 g5 62. Nf7 g4 63. Nh6 Kh4 64. Nxg4 1/2-1/2

[Event "Early-Titled-Tuesday-Blitz-May-28-2024"]
[Site "Chess.com"]
[Date "2024.05.28"]
[Round "3"]
[White "Shivananda1964"]
[Black "ritanovikova"]
[Result "1-0"]
[WhiteElo "2413"]
[BlackElo "2171"]
[TimeControl "180+1"]
[EndTime "8:29:50 PDT"]
[Termination "Shivananda1964 won by resignation"]

1. e4 d5 2. Nc3 dxe4 3. Nxe4 Bf5 4. Ng3 Bg6 5. Bc4 e5 6. d3 Nc6 7. Nf3 a6 8. a3 Qd7 9. O-O Nf6 10. Re1 Bd6 11.
Bd2 O-O 12. Bc3 Rfe8 13. h3 b5 14. Bb3 e4 15. Nxe4 Nxe4 16. dxe4 Rxe4 17. Rxe4 Bxe4 18. Ng5 Bg6 19. Qd5 Rf8 20. Rd1 h6 21. Nf3 Ne7 22. Qd2 Qf5 23. Qd4 Qf6 24. Qxf6 gxf6 25. Bxf6 Nf5 26.
Ne5 Bxe5 27. Bxe5 c5 28. Bd5 Ne7 29. Bd6 Nxd5 30. Bxf8 Nf4 31. Bxh6 Ne2+ 32. Kh2 Nd4 33. c3 Ne6 34. Rd6 a5 35. Be3 Kf8 36. g4 Ke7 37. Ra6 a4 38. Rb6 Bd3 39. Kg3 Kd7 40. Rb7+ Ke8 41. h4 Bh7 42. h5 Be4 43. Rxb5 Bc6 44. Ra5 f5 45. gxf5 Ng7 46. Kg4 Bd7 47. Ra8+ Kf7 48. Ra7 Ke8 49. Rxd7 Kxd7 50. h6 Ne8 51.
Kg5 Ke7 52. h7 Nf6 53. h8=Q Nd5 54. Qg7+ 1-0

[Event "Early-Titled-Tuesday-Blitz-May-28-2024"]
[Site "Chess.com"]
[Date "2024.05.28"]
[Round "3"]
[White "Flawless_Fighter"]
[Black "1stSecond"]
[Result "0-1"]
[WhiteElo "2702"]
[BlackElo "2915"]
[TimeControl "180+1"]
[EndTime "8:29:51 PDT"]
[Termination "1stSecond won by resignation"]

1. Nf3 d5 2. g3 Nf6 3. Bg2 g6 4. O-O Bg7 5. d4 O-O 6. Nbd2 Bf5 7. Nh4 Be6 8. c3 c6 9. Re1 Re8 10. e4 dxe4 11. Nxe4 Nxe4 12. Bxe4 Bd5 13. Qe2 Bxe4 14. Qxe4 Qd5 15. Bf4 Nd7 16. Nf3 Qxe4 17. Rxe4 Nf6 18. Re2 Nd5 19. Bd2 f6 20. Rae1 Kf7 21. c4 Nb6 22. b3 Rad8 23. Ba5 Rd7 24. h4 h5 25. Kg2 Bh6 26. Bb4 Nc8 27. a4 Nd6 28. Bxd6 Rxd6 29. Re4 Rd7 30. R1e2 Red8 31. d5 cxd5 32. cxd5 Bf8 33. Nd4 Rxd5 34. Ne6 R8d7 35. Nxf8 Kxf8 36. Rc4 Kf7 37. Rc8 Rd3 38. Rh8 Kg7 39. Re8 e5 40.
Rc2 Rxb3 41. Rcc8 Kf7 42. Rg8 Ra3 43. Rcf8+ Ke6 44. Rxg6 Rf7 45. Re8+ Kd7 46. Rh8 Rxa4 47. Rxh5 Rc4 48. Rh8 Rc8 49. Rxc8 Kxc8 50. Kf3 b5 51. Ke4 b4 52. Kd3 a5 53. Kc4 Kd7 54. Rg8 Ke6 55. Ra8 Rc7+ 56. Kb3 Rc3+ 57. Kb2 Rf3 58. Rxa5 Rxf2+ 59.
Kb3 Rf3+ 60. Kxb4 Rxg3 61. Kc4 Rg4+ 62. Kd3 Rxh4 0-1

[Event "Early-Titled-Tuesday-Blitz-May-28-2024"]
[Site "Chess.com"]
[Date "2024.05.28"]
[Round "3"]
[White "Quattroporte300"]
[Black "ailime26"]
[Result "1-0"]
[WhiteElo "2393"]
[BlackElo "2086"]
[TimeControl "180+1"]
[EndTime "8:29:53 PDT"]
[Termination "Quattroporte300 won by checkmate"]

1. e4 c5 2. Nc3 d6 3. d4 cxd4 4. Qxd4 Nf6 5. b3 g6 6. Bb2 Bg7 7. O-O-O Nc6 8. Qd2 a6 9. f3 b5 10. g4 O-O 11. h4 Bd7 12. h5 Qb6 13. Kb1 b4 14.
Nd5 Nxd5 15. Bxg7 Kxg7 16. exd5 Ne5 17. Qh2 Rh8 18. h6+ Kf8 19. Qf4 a5 20. Qd4 Qxd4 21.
Rxd4 f5 22. g5 Kf7 23. Be2 Rhb8 24. a3 bxa3 25. Ka2 a4 26. b4 Bb5 27. c4 Ba6 28. b5 Bc8 29. Nh3 Bd7 30. Kxa3 Rc8 31.
Nf2 Rc7 32. f4 Ng4 33. Nxg4 fxg4 34. Rg1 Rac8 35. Kb4 Bf5 36. Bxg4 Bxg4 37. Rxg4 a3 38. Rg2 Ra7 39. Ra2 Rca8 40. Kb3 Ra4 41. Rd1 R4a7 42.
Rda1 e6 43. dxe6+ Kxe6 44. Rxa3 Rxa3+ 45. Rxa3 Re8 46. Kb4 Kf5 47. Rf3 Ke4 48. Rf1 Kf5 49.
b6 Rb8 50. Kb5 Ke6 51. Re1+ Kf5 52. Re7 Kxf4 53. Rxh7 Kxg5 54. b7 Kh5 55. Kc6 g5 56. Kc7 Rg8 57. b8=Q Rxb8 58. Kxb8 g4 59. Rg7 Kh4 60.
h7 g3 61. h8=Q# 1-0

[Event "Early-Titled-Tuesday-Blitz-May-28-2024"]
[Site "Chess.com"]
[Date "2024.05.28"]
[Round "3"]
[White "youngKID"]
[Black "JiaHaoxiang"]
[Result "1-0"]
[WhiteElo "2870"]
[BlackElo "2627"]
[TimeControl "180+1"]
[EndTime "8:29:54 PDT"]
[Termination "youngKID won by checkmate"]

1. e4 c5 2. Nf3 d6 3. c3 Nf6 4.
Be2 g6 5. O-O Bg7 6. Re1 Bg4 7.
h3 Bxf3 8. Bxf3 Nc6 9. d3 O-O 10. a4 Rb8 11. Be3 a6 12. d4 Nd7 13. d5 Nce5 14. Be2 b5 15. axb5 axb5 16. Nd2 Nf6 17. Qc2 Qc7 18. Ra6 Rb7 19. Rea1 Rfb8 20. b3 b4 21. c4 Ned7 22. R1a2 h5 23. f4 Rb6 24.
R6a4 R6b7 25. Nf3 Nb6 26. Ra6 Nfd7 27. Qd1 Rf8 28. Qe1 Rbb8 29. Ra7 Rb7 30. R7a6 Rbb8 31.
f5 Ne5 32. Qg3 Nxf3+ 33. Bxf3 Kh7 34. Bg5 Ra8 35. Qh4 Rxa6 36. Rxa6 Nc8 37. Ra2 Qd7 38. Bxh5 gxh5 39. Qxh5+ Kg8 40. Bh6 Bd4+ 41. Rf2 Rd8 42. Kh1 e5 43. Rf3 f6 44. Rg3+ Kh8 45. Bg7+ Kg8 46. Bxf6+ Kf8 47. Qh8+ Kf7 48. Rg7+ Kxf6 49. Qh6# 1-0

[Event "Early-Titled-Tuesday-Blitz-May-28-2024"]
[Site "Chess.com"]
[Date "2024.05.28"]
[Round "3"]
[White "AlbusSevresPotter"]
[Black "aljado"]
[Result "1-0"]
[WhiteElo "2553"]
[BlackElo "2167"]
[TimeControl "180+1"]
[EndTime "8:29:54 PDT"]
[Termination "AlbusSevresPotter won on time"]

1. e4 c5 2. Nf3 e6 3. d4 cxd4 4. Nxd4 a6 5. Bd3 Qc7 6. Qe2 Nc6 7. Nb3 Nf6 8. c4 Ne5 9. O-O Nxd3 10. Qxd3 d6 11. Bg5 Be7 12. N1d2 b6 13. a4 Bb7 14. a5 Rc8 15. Be3 bxa5 16. Nxa5 Ba8 17. f3 O-O 18. Rfc1 Nd7 19. b4 Qb8 20. Rab1 Ne5 21. Qe2 d5 22.
exd5 exd5 23. c5 Nc6 24. Qxa6 d4 25. Bf2 Qf4 26. Ndc4 d3 27. Nb6 d2 28. Rd1 Nxb4 29. Rxb4 Qxb4 30. Nd5 Qa4 31. Nxe7+ Kh8 32. Rxd2 Qa1+ 33.
Qf1 Qxa5 34. Qc1 Rcd8 35. Rd6 Rxd6 36. cxd6 Rd8 37. Bc5 Bb7 38. h4 Qb5 39. Kh2 Qd7 40. Qb2 h6 41. Kg1 Kh7 42. Qb1+ g6 43. h5 Qe6 44.
hxg6+ fxg6 45. Qb4 Rd7 46. Kf2 Qf6 47. Qb6 Qe6 48. Bb4 Qf6 49. Qc5 Qe6 50. Kg1 Qf6 51.
Kh2 Qe6 52. Qd4 Qf7 53. Kg1 Qe6 54. Bc3 1-0

[Event "Early-Titled-Tuesday-Blitz-May-28-2024"]
[Site "Chess.com"]
[Date "2024.05.28"]
[Round "3"]
[White "GeorgiosSouleidis"]
[Black "maracayo"]
[Result "1-0"]
[WhiteElo "2604"]
[BlackElo "2390"]
[TimeControl "180+1"]
[EndTime "8:29:57 PDT"]
[Termination "GeorgiosSouleidis won by resignation"]

1. e4 d6 2. d4 Nf6 3. Nc3 c6 4. f4 Qa5 5. Bd3 e5 6. Nf3 Nbd7 7. O-O Be7 8. Kh1 O-O 9. Be3 Re8 10. a3 Qc7 11. Qd2 Bf8 12. Rae1 h6 13. dxe5 dxe5 14. fxe5 Ng4 15. Bf4 Ndxe5 16. h3 Nxf3 17. Rxf3 Ne5 18. Rff1 Be6 19. Qf2 f6 20. Qg3 Kh8 21. Nd1 Rad8 22. Ne3 Bd6 23. Be2 g5 24. Bxe5 Bxe5 25.
Qf3 Bf4 26. Qh5 Kg7 27. Bg4 Bxe3 28. Bxe6 Rxe6 29. Rxe3 Rde8 30. Rfe1 Qf7 31. Qf3 Qg6 32. R1e2 h5 33. c4 g4 34. hxg4 hxg4 35. Qf4 Re5 36. Kg1 Qg5 37. Qg3 Kg6 38. Kf2 Kg7 39. b4 a6 40. c5 Qg6 41. Qf4 Qg5 42. Kg3 Rg8 43. Qxg5+ Rxg5 44. Kf4 Re8 45. g3 Kg6 46. Rd3 Re7 47. Rd6 Rge5 48. Rd4 Rg5 49. Rh2 Rge5 50. Rh4 Rg5 51. Rxg4 Rxg4+ 52. Kxg4 Kf7 53. Kf4 Re5 54. g4 Rg5 55. Rd7+ Ke6 56. Rxb7 Rg8 57.
Rc7 Rh8 58. Rxc6+ Kf7 59. Rxa6 Rh3 60. Ra7+ Kg6 61. c6 Rc3 62. c7 Rc1 63. b5 Rf1+ 64.
Ke3 Re1+ 65. Kd2 Rb1 66. c8=Q 1-0

[Event "Early-Titled-Tuesday-Blitz-May-28-2024"]
[Site "Chess.com"]
[Date "2024.05.28"]
[Round "3"]
[White "Giantgoogachess"]
[Black "Wizard_97"]
[Result "1-0"]
[WhiteElo "2365"]
[BlackElo "2718"]
[TimeControl "180+1"]
[EndTime "8:29:59 PDT"]
[Termination "Giantgoogachess won by checkmate"]

1. d4 c6 2. c4 d5 3. Nc3 Nf6 4. e3 a6 5. Nf3 g6 6. Bd3 Bg7 7. b3 O-O 8. O-O Bf5 9. Bxf5 gxf5 10. cxd5 cxd5 11. Qd3 e6 12. Ba3 Re8 13. Na4 Ne4 14. Rfc1 Nc6 15. Rc2 Rc8 16. Rac1 Qa5 17. Bc5 Nxc5 18.
Rxc5 Qb4 19. g3 Qa3 20. Qd2 Bf8 21. R5c2 Rcd8 22. Nc5 Nb4 23. Nxb7 Rb8 24. Rc7 Nxa2 25. Ra1 Qxb3 26. Qxa2 Rxb7 27. Qxb3 Rxb3 28. Rxa6 Be7 29. Raa7 Kf8 30. Ng5 Rb1+ 31. Kg2 h6 32. Nh7+ Kg7 33. Rxe7 Rxe7 34. Rxe7 Kxh7 35. Rxf7+ Kg6 36. Rd7 Rb2 37. Kf3 Kf6 38. h4 Kg6 39. Re7 Kf6 40. Ra7 Kg6 41. Ra1 Rc2 42. Rf1 Kf6 43. Kf4 Rb2 44. f3 Rb8 45. Rc1 Rb4 46. Rc6 Ra4 47. g4 fxg4 48. fxg4 Ra1 49. g5+ hxg5+ 50. hxg5+ Kf7 51. Ke5 Re1 52.
g6+ Ke7 53. Rxe6+ Kd7 54. Kxd5 Rg1 55. e4 Ra1 56. Rf6 Rg1 57. e5 Ke8 58. Ke6 Rg5 59. d5 Rg1 60. d6 Rd1 61. g7 Rg1 62. Rf8# 1-0

[Event "Early-Titled-Tuesday-Blitz-May-28-2024"]
[Site "Chess.com"]
[Date "2024.05.28"]
[Round "3"]
[White "KononenkoD"]
[Black "mind1mover"]
[Result "1-0"]
[WhiteElo "2593"]
[BlackElo "2836"]
[TimeControl "180+1"]
[EndTime "8:30:01 PDT"]
[Termination "KononenkoD won by resignation"]

1. d4 d5 2. c4 Nc6 3. e3 e5 4.
cxd5 Qxd5 5. Nc3 Bb4 6. Bd2 Bxc3 7. bxc3 Nf6 8. Nf3 Bg4 9. Be2 e4 10. c4 Qf5 11. Ng1 O-O-O 12. h3 h5 13. Qa4 Bxe2 14. Nxe2 a6 15. Rb1 Rde8 16. O-O g5 17. d5 Nd8 18. Nd4 Qd7 19. Qxd7+ Nxd7 20. Bc3 Rhg8 21. Nf5 Rg6 22. Rfd1 b6 23. d6 Nc6 24. Rd5 Nc5 25. Rbd1 Rd8 26. Ne7+ Kb7 27. Nxg6 fxg6 28. dxc7 Rc8 29. Rxg5 Ne7 30. Bf6 Nf5 31. Rxg6 Rxc7 32. Be5 Re7 33. Bf4 Nd3 34. Rg5 Rf7 35. Rxh5 Nb4 36. Be5 Nd3 37. Bf4 Nb4 38. Rh8 a5 39. Rb8+ Kc6 40. Rc8+ Kb7 41. Rdd8 Na6 42. h4 Rh7 43. g3 Ne7 44. Rb8+ Nxb8 45.
Rxb8+ Ka6 46. Kg2 Nc6 47. Ra8+ Kb7 48. Re8 Nb4 49. Rxe4 Nxa2 50. Bg5 a4 51. Re7+ Rxe7 52.
Bxe7 Nc3 53. Bf6 Ne4 54. Bd4 Nd6 55. h5 b5 56. cxb5 Nxb5 57. Ba1 Nd6 58. h6 Nf7 59.
h7 Kc6 60. h8=Q Nxh8 61. Bxh8 Kb5 62. g4 Kc4 63. g5 Kd5 64. Ba1 Ke6 65. f4 a3 66. Kg3 1-0

[Event "Early-Titled-Tuesday-Blitz-May-28-2024"]
[Site "Chess.com"]
[Date "2024.05.28"]
[Round "3"]
[White "artin10862"]
[Black "korbul"]
[Result "0-1"]
[WhiteElo "3080"]
[BlackElo "2666"]
[TimeControl "180+1"]
[EndTime "8:30:01 PDT"]
[Termination "korbul won by resignation"]

1. g3 d5 2. Bg2 Nf6 3. Nf3 e6 4. O-O Be7 5. d3 O-O 6. Nbd2 c5 7. e4 Nc6 8. Re1 Rb8 9. e5 Ne8 10. Nf1 Nc7 11. h4 b5 12. h5 h6 13. Bf4 b4 14.
Qd2 Nb5 15. N1h2 Nbd4 16. g4 Rb6 17. c3 bxc3 18. bxc3 Nxf3+ 19. Nxf3 f6 20. Rad1 fxe5 21. Nxe5 Nxe5 22. Bxe5 Bd6 23. d4 Bxe5 24. Rxe5 cxd4 25. cxd4 Qf6 26. Rc1 Bd7 27. Rc7 Rb1+ 28. Re1 Rxe1+ 29. Qxe1 Bb5 30. Qe3 a6 31. Bf1 Rf7 32. Rc8+ Rf8 33.
Rc5 Qf4 34. Qxe6+ Kh8 35. Rc2 Bxf1 36. Kxf1 Qxd4 37. Re2 a5 38. Qd6 Kg8 39. Qe6+ Kh8 40. Kg2 a4 41. f3 a3 42. Qd6 Kg8 43. Qxa3 Qd1 44. Qe3 d4 45. Qb3+ Qxb3 46. axb3 Rb8 47. Rb2 Kf7 48. Kf2 Ke6 49. Ke2 Kd5 50. Kd3 Rf8 51.
Rf2 Re8 52. Re2 Rf8 53. Rf2 Re8 54. Kc2 Rc8+ 55. Kb2 d3 56. f4 Ke4 57. g5 Ke3 58.
Rf1 Ke2 59. Rh1 d2 60. b4 d1=Q 61. Rxd1 Kxd1 62. gxh6 gxh6 63. Kb3 Rf8 64. b5 Rxf4 65. b6 Rf6 0-1

[Event "Early-Titled-Tuesday-Blitz-May-28-2024"]
[Site "Chess.com"]
[Date "2024.05.28"]
[Round "3"]
[White "LoaySameer"]
[Black "AradNazari"]
[Result "0-1"]
[WhiteElo "2516"]
[BlackElo "2796"]
[TimeControl "180+1"]
[EndTime "8:30:03 PDT"]
[Termination "AradNazari won by resignation"]

1. Nf3 c5 2. g3 Nc6 3. Bg2 e5 4. O-O g6 5. c4 Bg7 6. Nc3 Nge7 7. d3 O-O 8. Ne1 d6 9. Nc2 Be6 10. Ne3 a6 11. Ned5 Rb8 12. a3 b5 13.
b4 Qd7 14. Be3 Nd4 15. Nxe7+ Qxe7 16. Nd5 Qd7 17. Bxd4 exd4 18. Qd2 Bxd5 19. Bxd5 bxc4 20. dxc4 h5 21. h4 Kh7 22. Rab1 Qf5 23. Qd3 Qe5 24.
f4 Qe3+ 25. Qxe3 dxe3 26. Kg2 Bd4 27. f5 Kg7 28. b5 axb5 29. cxb5 c4 30. Bxc4 Rbc8 31.
Bd3 Bb6 32. Rbc1 d5 33. f6+ Kh6 34. Rc6 Rxc6 35. bxc6 Ra8 36. Rb1 Bd8 37. Rb7 Bxf6 38. Rxf7 Be5 39. Re7 Bf6 40. Rf7 Be5 41. Rd7 Rxa3 42.
Rxd5 Bc7 43. Rd7 Be5 44. Rd5 Bc7 45. Rc5 Ra5 46. Rxa5 Bxa5 47. Kf3 Bc7 48. Bc4 g5 49. Bf7 g4+ 50. Kxe3 Bxg3 51. Ke4 Bc7 52. Kf5 g3 53.
Bd5 Bd8 54. Ke6 Kg7 55. Kd7 Bb6 56. c7 Bxc7 57. Kxc7 Kf6 58. Kd6 Kf5 59. e4+ Kg4 60. e5 Kxh4 61. e6 g2 62. e7 g1=Q 63. e8=Q Qg3+ 64.
Kd7 Qg4+ 65. Kc6 Qa4+ 0-1

[Event "Early-Titled-Tuesday-Blitz-May-28-2024"]
[Site "Chess.com"]
[Date "2024.05.28"]
[Round "3"]
[White "KatakuriDono"]
[Black "Vesper2018"]
[Result "0-1"]
[WhiteElo "2276"]
[BlackElo "2563"]
[TimeControl "180+1"]
[EndTime "8:30:04 PDT"]
[Termination "Vesper2018 won by resignation"]

1. d4 Nf6 2. Nf3 g6 3. Nbd2 d5 4. e3 Bg7 5. b4 a5 6. b5 a4 7. c4 c6 8. Be2 dxc4 9. bxc6 c3 10. Nb1 Qa5 11. Qc2 Nxc6 12. Qxc3 Nb4 13. O-O Nfd5 14.
Qd2 Bf5 15. Na3 O-O 16. Nc4 Qc7 17. a3 Nc6 18. Bb2 Rfd8 19. Rac1 Qd7 20. Bd3 Bxd3 21. Qxd3 Qe6 22. Qb1 f5 23. Rfe1 b5 24. Nce5 Nxe5 25.
Nxe5 Bxe5 26. dxe5 Nb6 27. Bd4 Rd5 28. Qb4 Nc4 29.
h3 Rad8 30. Rb1 f4 31. Qc3 f3 32. Rec1 fxg2 33. Kxg2 Nxe5 34. Bxe5 Rxe5 35. Rb4 Rf8 36. Rf4 Rxf4 37. exf4 Re2 38. Qd4 Qe4+ 39. Qxe4 Rxe4 40. Rb1 Rxf4 41. Rxb5 Re4 42. Kf3 Rc4 43. Kg2 Rc3 44.
Rb7 Kf7 45. Ra7 Rxa3 46. Kh2 Ra1 47. Kg2 a3 48. Kh2 Kf6 49. Ra5 e5 50. Kg2 Kf5 51.
Kf3 Rh1 52. Kg2 Ra1 53. Kf3 g5 54. Kg2 h5 55. Kf3 g4+ 56. hxg4+ hxg4+ 57. Kg2 a2 58. Ra4 Ke6 59. Ra6+ Kd5 60. Ra5+ Kc4 61. Ra4+ Kb3 62.
Ra8 Rc1 63. Rb8+ Kc3 64. Rc8+ Kd2 65. Rd8+ Ke2 66. Re8 a1=Q 67. Rxe5+ Qxe5 0-1

[Event "Early-Titled-Tuesday-Blitz-May-28-2024"]
[Site "Chess.com"]
[Date "2024.05.28"]
[Round "3"]
[White "baki83"]
[Black "Viacheslav92"]
[Result "1/2-1/2"]
[WhiteElo "2904"]
[BlackElo "2537"]
[TimeControl "180+1"]
[EndTime "8:30:05 PDT"]
[Termination "Game drawn - insufficient material"]

1. e4 e5 2. Nf3 Nc6 3. Bb5 a6 4. Bxc6 bxc6 5. Nxe5 Qe7 6. d4 d6 7. Nxc6 Qxe4+ 8. Qe2 Qxe2+ 9. Kxe2 Bb7 10. d5 Bxc6 11. dxc6 Ne7 12. b3 Nxc6 13. Bb2 Kd7 14. Nd2 Re8+ 15. Kd1 Rg8 16. Re1 Rxe1+ 17. Kxe1 Be7 18. Kf1 g6 19. Rd1 Re8 20. Nf3 f5 21. h4 Bd8 22.
g3 Re4 23. Nd2 Re6 24. Nc4 Bf6 25. Bxf6 Rxf6 26. Ne3 Re6 27. Nd5 Ne7 28. Nf4 Re5 29. c3 Kc6 30. Nd3 Re6 31. Rd2 Nd5 32. Rc2 Re4 33.
c4 Nf6 34. f3 Re3 35. Nb4+ Kb6 36. Kf2 Re7 37. Nd3 Nd7 38. Nf4 Nf6 39. Rd2 Kc5 40. Nd3+ Kc6 41. Rc2 Nd7 42. Nb4+ Kb7 43. Nd5 Re6 44. Re2 Rxe2+ 45. Kxe2 Kc6 46. Ke3 a5 47.
Kf4 Kb7 48. Kg5 c6 49. Nc3 Ne5 50. f4 Ng4 51. h5 gxh5 52. Kxf5 Kc7 53. Kg5 Ne3 54.
Kxh5 Kd7 55. g4 Ke6 56. Kg5 h6+ 57. Kxh6 Nxg4+ 58. Kg5 Ne3 59. Ne2 d5 60. cxd5+ Kxd5 61. f5 Nxf5 62. Kxf5 c5 63. Kf4 c4 64. Ke3 cxb3 65.
axb3 Kc5 66. Kd3 Kb4 67. Nc3 Kxb3 68. Kd4 a4 69. Nxa4 1/2-1/2

[Event "Early-Titled-Tuesday-Blitz-May-28-2024"]
[Site "Chess.com"]
[Date "2024.05.28"]
[Round "3"]
[White "DrCeltic"]
[Black "topce"]
[Result "0-1"]
[WhiteElo "2585"]
[BlackElo "2408"]
[TimeControl "180+1"]
[EndTime "8:30:05 PDT"]
[Termination "topce won on time"]

1. e4 c5 2. Nf3 Nc6 3. d4 cxd4 4. Nxd4 e5 5. Nb5 d6 6. N5c3 Nf6 7. Bg5 Be7 8. Bxf6 Bxf6 9. Nd5 Bg5 10. Nbc3 O-O 11. Bc4 Be6 12. O-O Rc8 13. Bb3 Nd4 14. Ne2 Nc6 15. c3 Kh8 16. Ng3 g6 17. Kh1 Qd7 18. Qd3 f5 19. exf5 gxf5 20. f4 e4 21. Qd2 Bh6 22. Rad1 Qf7 23. Ne3 Bxb3 24. axb3 Ne7 25. Qxd6 Rc6 26. Qd4+ Bg7 27. Qxa7 Qxb3 28. Rd7 Nc8 29. Qxb7 Qxb7 30. Rxb7 Nd6 31. Rd7 Nc4 32. Nexf5 Bf6 33. Nxe4 Nxb2 34. Nfd6 Bxc3 35. Nf7+ Kg8 36. h3 Rxf7 37. Rd8+ Rf8 38. Rd7 Nd3 39. Rf3 Rxf4 40. Rd8+ Kf7 41. Rxf4+ Nxf4 42. Ng5+ Kg6 43. Nf3 Bf6 44.
Rg8+ Kf7 45. Rg4 Rc1+ 46. Kh2 Ng6 47. Ra4 Rc2 48. Ra7+ Kg8 49. Ra8+ Nf8 50. Ra5 Kf7 51. Kg3 Kg6 52. Ra6 h5 53. Nh4+ Kf7 54. Nf5 Rc3+ 55.
Kf4 Ne6+ 56. Ke4 Nc5+ 57. Kd5 Nxa6 58. Nd6+ Kg6 59. g4 Nc7+ 60. Ke4 h4 61. Nf5 Rxh3 62.
Nd6 Ne6 63. Kd5 Ng5 64. Ne8 Rg3 65. Kc6 Rxg4 66. Kd7 Rd4+ 67. Kc6 Rc4+ 68. Kb5 Rc3 69. Nd6 h3 70. Kb4 h2 0-1

[Event "Early-Titled-Tuesday-Blitz-May-28-2024"]
[Site "Chess.com"]
[Date "2024.05.28"]
[Round "3"]
[White "SoyuzTM4"]
[Black "Qvalda"]
[Result "0-1"]
[WhiteElo "2204"]
[BlackElo "2420"]
[TimeControl "180+1"]
[EndTime "8:30:06 PDT"]
[Termination "Qvalda won on time"]

1. e4 d5 2. exd5 Qxd5 3. Nc3 Qd8 4. Bc4 g6 5. d4 Bg7 6. Nf3 Nf6 7. Bg5 O-O 8. Qd2 c6 9. Bh6 b5 10. Bxg7 Kxg7 11. Bb3 a5 12. a3 Nbd7 13. O-O a4 14.
Ba2 Nb6 15. Ne5 Qd6 16. Rad1 Bf5 17. Rfe1 Rad8 18. Qe2 Nbd5 19. Nxd5 Nxd5 20. c4 Nf4 21. Qf3 Ne6 22. Nxc6 Ng5 23. Qg3 Qxc6 24. Qxg5 bxc4 25.
Qxe7 Bc2 26. Rc1 Bb3 27. Bxb3 axb3 28. Qe5+ Kg8 29. Red1 Rfe8 30. Qc5 Qxc5 31. dxc5 Rxd1+ 32. Rxd1 c3 33. bxc3 Re2 34. Kf1 Rc2 35. Rd8+ Kg7 36. Rb8 b2 37. c6 Rxc3 38. Rxb2 Rxc6 39. Ke2 Rc4 40. Ra2 Ra4 41. Kd3 Kf6 42. Kc3 Ke5 43. Kb3 Ra8 44. a4 Kd5 45. Kb4 Kc6 46. a5 Kb7 47.
Kb5 Re8 48. Rd2 Re5+ 49. Kb4 Rf5 50. g3 h5 51. f4 Ka6 52. Rd6+ Kb7 53. Rb6+ Ka7 54.
Rb5 Rf6 55. Rc5 h4 56. Kb5 hxg3 57. hxg3 Kb7 0-1

[Event "Early-Titled-Tuesday-Blitz-May-28-2024"]
[Site "Chess.com"]
[Date "2024.05.28"]
[Round "3"]
[White "AnishOnYoutube"]
[Black "JaloliddinIlkhomi"]
[Result "0-1"]
[WhiteElo "3037"]
[BlackElo "2792"]
[TimeControl "180+1"]
[EndTime "8:30:07 PDT"]
[Termination "JaloliddinIlkhomi won on time"]

1. Nf3 Nf6 2. c4 e6 3. Nc3 Bb4 4. Qc2 d5 5. a3 Bxc3 6. Qxc3 O-O 7. b4 c6 8. Bb2 Nbd7 9. e3 Qe7 10. Be2 b6 11.
O-O Bb7 12. a4 Rfc8 13. a5 Rab8 14. a6 Ba8 15. c5 bxc5 16. bxc5 Qxc5 17. Qxc5 Nxc5 18.
Bd4 Nfd7 19. Ne5 Rc7 20. Rfb1 Rd8 21. Ra5 f6 22. Bxc5 Nxc5 23. Rxc5 fxe5 24. d4 exd4 25. exd4 Kf7 26. f4 Ke7 27. Kf2 Kd6 28. Ke3 Rcc8 29. Bd3 h6 30. h4 Rb8 31. Rcc1 Rb6 32. Ra1 Rc8 33. Rc5 Rb3 34. Rac1 Rcb8 35. R1c3 R3b4 36.
h5 Ra4 37. Rc1 Rbb4 38. Bg6 Rxd4 39. Be8 Re4+ 40. Kf3 Rxa6 41. Bg6 Rd4 42. R5c3 Rb6 43. g3 c5 44. Ra3 a6 45. Rca1 Bb7 46. Ke3 Rdb4 47.
Bc2 Rb2 48. Kd2 c4 49. Kc3 R2b5 50. Ba4 Ra5 51. Kd4 Rb4 52. Bc2 Rxa3 53. Rxa3 Rb2 54. Rc3 Bc6 55. g4 a5 56. Ke3 Kc5 57. Ra3 d4+ 58. Kd2 Kb4 59. Ra1 Be4 60. Ra4+ Kb5 0-1